Cogmind - Beta 10 X1 @@@ ROGUE MODE // 2020.06.15 @ 12:12:51 Player: Stryker Result: Destroyed by G-34 Mercenary with Small Laser Performance ------------- Evolutions (0) 0 Regions Visited (1) 200 Robots Destroyed (27) 135 Value Destroyed (552) 552 Prototype IDs (0) 0 Alien Tech Used (0) 0 Bonus (0) 0 TOTAL SCORE: 887 Bonus ------- None Cogmind --------- Core Integrity 0/250 Matter 285/300 Energy 240/250 System Corruption 2% Temperature Cool (6) Movement Rolling (130) Ox3 Location -10/Materials Parts ------- > --- POWER (1) -------- Ion Engine > --- PROPULSION (2) --- Aluminum Leg Compact Wheel > --- UTILITY (2) ------ Large Storage Unit High-capacity Storage Unit > --- WEAPON (2) ------- Maul Maul > --- INVENTORY (18) --- Ion Engine Light Ion Engine Compact Wheel Compact Wheel Compact Wheel Compact Wheel Large Storage Unit Light Armor Plating Hardened Light Armor Plating Hardened Light Armor Plating EM Pulse Gun EM Pulse Gun Small Laser Particle Gun Particle Gun Light Cannon Light Cannon Peak State ------------ > --- POWER ------------ Light Nuclear Core > --- PROPULSION ------- Aluminum Leg Compact Wheel > --- UTILITY ---------- Large Storage Unit High-capacity Storage Unit > --- WEAPON ----------- Maul Maul > --- INVENTORY -------- Light Ion Engine Wheel Wheel Wheel Compact Wheel Compact Wheel Compact Wheel Large Storage Unit Light Armor Plating Hardened Light Armor Plating Hardened Light Armor Plating Small Laser Particle Gun Particle Gun Light Cannon Light Cannon [Rating: 13] Favorites ----------- Power Ion Engine Engine Ion Engine Power Core Light Nuclear Core Propulsion Light Treads Treads Light Treads Leg Aluminum Leg Wheel Compact Wheel Utility Small Storage Unit Storage Small Storage Unit Weapon Medium Laser Energy Gun Medium Laser Ballistic Gun Assault Rifle Impact Weapon Maul Build | -11 -10 ------- Run | Scr Mat Slots Evolved . | . . Power . | . . Propulsion . | . . Utility . | . . Weapon . | . . Parts Attached 26 | 3 23 Power 5 | . 5 Engine 4 | . 4 Core 1 | . 1 Reactor . | . . Propulsion 9 | 2 7 Treads 4 | 1 3 Leg 1 | . 1 Wheel 4 | 1 3 Hover . | . . Flight . | . . Utility 4 | 1 3 Device . | . . Storage 4 | 1 3 Processor . | . . Hackware . | . . Protection . | . . Artifact . | . . Weapon 8 | . 8 Energy Gun 5 | . 5 Energy Cannon . | . . Ballistic Gun 1 | . 1 Ballistic Cannon . | . . Launcher . | . . Special Weapon . | . . Impact Weapon 2 | . 2 Slashing Weapon . | . . Piercing Weapon . | . . Special Melee Weapon . | . . Unidentified Prototypes . | . . Parts Lost 10 | . 10 Power 2 | . 2 Propulsion 3 | . 3 Utility . | . . Weapon 5 | . 5 Highest Loss Streak 4 | . 4 Average Slot Usage (%) 94 | . 94 Engine 10 | . 10 Core 2 | . 2 Treads 21 | . 21 Leg 2 | . 2 Wheel 3 | . 3 Storage 28 | . 28 Energy Gun 10 | . 10 Ballistic Gun 7 | . 7 Impact Weapon 6 | . 6 Naked Turns . | . . Heaviest Build 59 | 17 59 Greatest Support 40 | 20 40 Greatest Overweight (x) 5 | 1 5 Average Overweight (x) . | . . Largest Inventory Capacity 18 | 8 18 Average Capacity 12 | 7 12 Most Carried 18 | 8 18 Average Carried 10 | 6 10 Final Capacity 18 | 8 18 Final Carried 17 | 7 17 Class Distribution -------------------- 100% | Mutant Dominant Class ---------------- Mutant | -10/Materials Resources | -11 -10 ----------- Run | Scr Mat Matter Collected 472 | 230 242 Remotely . | . . Salvage Created 972 | 135 837 Parts 51 | 8 43 Haulers Intercepted 1 | . 1 Recyclers Shooed . | . . Parts Field Recycled . | . . Retrieved Matter . | . . Parts Self-Destructed . | . . Prevented . | . . Kills | -11 -10 ------- Run | Scr Mat Combat Hostiles Destroyed 14 | . 14 Melee 8 | . 8 Guns 5 | . 5 Classes Destroyed 9 | 2 7 Worker 2 | . 2 Builder 1 | . 1 Tunneler 3 | 2 1 Hauler 1 | . 1 Recycler 3 | 1 2 Operator 1 | . 1 Watcher 2 | . 2 Swarmer 3 | . 3 Grunt 11 | . 11 Best Kill Streak 4 | 2 4 Combat Bots Only 3 | . 3 Max Kills in Single Turn 3 | 1 3 Gunslinging . | . . Exploded . | . . Melee 1 | . 1 Uniques/NPCs Destroyed . | . . Combat | -11 -10 -------- Run | Scr Mat Damage Taken 1290 | . 1290 Core 255 | . 255 Absorbed by Shields . | . . Core Remaining (%) 100 | 100 . Volleys Fired 53 | 8 45 Largest 2 | 2 2 Hottest 115 | 90 115 Shots Fired 98 | 16 82 Gun 98 | 16 82 Cannon . | . . Launcher . | . . Special . | . . Kinetic 22 | . 22 Thermal 48 | 8 40 Explosive . | . . Electromagnetic 28 | 8 20 Robot Hit Streak 19 | 6 19 Robot Miss Streak 2 | 1 2 Penetration Max . | . . Secondary Targets 2 | . 2 Max Gunslinging Chain 1 | . 1 Shots Hit Robots 103 | 10 93 Core Hits 44 | 4 40 Critical Hits . | . . Critical Kills . | . . Critical Parts Destroyed . | . . Melee Attacks 36 | . 36 Impact 36 | . 36 Slashing . | . . Piercing . | . . Sneak Attacks 1 | . 1 Combat Hostiles . | . . Follow-up Attacks 5 | . 5 Damage Inflicted 1985 | 182 1803 Guns 985 | 135 850 Cannons . | . . Explosions 168 | 47 121 Melee 788 | . 788 Ramming 44 | . 44 Kinetic 196 | . 196 Thermal 646 | 98 548 Explosive . | . . Electromagnetic 311 | 84 227 Impact 788 | . 788 Slashing . | . . Piercing . | . . Highest Corruption 2 | . 2 Average Corruption 2 | . 2 Corruption Purged . | . . Effects 2 | . 2 Message Errors 1 | . 1 Heat Flow Errors 1 | . 1 Overload Shots . | . . Overflow Damage 32 | . 32 Projectiles . | . . Explosions 16 | . 16 Melee 16 | . 16 Knockbacks 8 | . 8 Impact 5 | . 5 Kinetic . | . . Secondary 3 | . 3 Self-Inflicted Damage 42 | . 42 Shots 1 | . 1 Rammed 17 | . 17 Targets Rammed 21 | . 21 Kicked . | . . Crushed 4 | . 4 Highest Temperature 289 | 150 289 Average Temperature 75 | 59 78 Received Heat Transfer 618 | . 618 Siege Activations . | . . Robots Corrupted . | . . Combat Hostiles . | . . Parts Fried 3 | . 3 Impact Corruptions 2 | . 2 Robots Melted . | . . Combat Hostiles . | . . Parts Melted 1 | . 1 Heat Transferred 1519 | 148 1371 Parts Sabotaged . | . . Parts Stolen . | . . Parts Stripped . | . . Power Chain Reactions 2 | 1 1 Missiles Intercepted . | . . Alert | -11 -10 ------- Run | Scr Mat Peak Influence 144 | 15 144 Average Influence 37 | 5 39 Maximum Alert Level . | . . Low Security (%) 100 | 100 100 Level 1 . | . . Level 2 . | . . Level 3 . | . . Level 4 . | . . Level 5 . | . . High Security . | . . Max Security . | . . Squads Dispatched 4 | . 4 Investigation 3 | . 3 Extermination . | . . Reinforcement 1 | . 1 Assault . | . . Garrison . | . . Intercept . | . . Construction Impeded . | . . Haulers Reinforced . | . . Stealth | -11 -10 --------- Run | Scr Mat Distress Signals 1 | . 1 Communications Jammed . | . . Distress Signals . | . . Times Spotted 28 | . 28 Peak Tracking Total 4 | . 4 Tactical Retreats . | . . Traps | -11 -10 ------- Run | Scr Mat Traps Triggered 6 | . 6 Indirectly . | . . Trap Hack Attempts . | . . Triggered . | . . Disarmed . | . . Reprogrammed . | . . Reused . | . . Traps Extracted . | . . Installed . | . . Triggered . | . . Machines | -11 -10 ---------- Run | Scr Mat Machines Disabled . | . . Max in Single Turn . | . . Machines Sabotaged . | . . Garrisons Compromised . | . . Overloaded Fab Kills . | . . Fab Network Shutdowns . | . . Hacking | -11 -10 --------- Run | Scr Mat Machines Accessed 7 | . 7 Terminals 6 | . 6 Fabricators . | . . Repair Stations . | . . Recycling Units 1 | . 1 Scanalyzers . | . . Garrison Access . | . . Total Hacks 24 | . 24 Successful 11 | . 11 Failed 12 | . 12 Catastrophic 2 | . 2 Database Lockouts 1 | . 1 Manual 19 | . 19 Terminals 21 | . 21 Fabricators . | . . Repair Stations . | . . Recycling Units 3 | . 3 Scanalyzers . | . . Garrison Access . | . . Terminal Hacks 6 | . 6 Part Schematic 1 | . 1 Alert Level 2 | . 2 Locate Traps 2 | . 2 Recall Investigation 1 | . 1 Fabricator Hacks . | . . Repair Station Hacks . | . . Recycling Unit Hacks 1 | . 1 Retrieve Components 1 | . 1 Scanalyzer . | . . Garrison Access Hacks . | . . Unauthorized Hacks 4 | . 4 Terminals 4 | . 4 Track 2 | . 2 Botnet 2 | . 2 Fabricators . | . . Repair Stations . | . . Recycling Units . | . . Scanalyzers . | . . Garrison Access . | . . Data Cores Recovered 1 | . 1 Used 1 | . 1 Hacking Detections 7 | . 7 Full Trace Events 1 | . 1 Feedback Events . | . . Feedback Blocked . | . . Robot Schematics Acquired . | . . Robots Built . | . . Matter . | . . Time . | . . Total Robot Build Rating . | . . Part Schematics Acquired 1 | . 1 Parts Built . | . . Matter . | . . Time . | . . Total Part Build Rating . | . . Parts Repaired . | . . Time . | . . Parts Recycled . | . . Recycled Matter . | . . Retrieved Matter . | . . Retrieved Components 9 | . 9 Parts Scanalyzed . | . . Part Schematics Acquired . | . . Parts Damaged . | . . Bothacking | -11 -10 ------------ Run | Scr Mat Used RIF Installer . | . . Robots Hacked . | . . Non-combat . | . . Combat . | . . Robot Hacks Applied . | . . Relay Couplers Released . | . . Robots Rewired . | . . Allies Hacked . | . . Hacks Repelled . | . . Allies | -11 -10 -------- Run | Scr Mat Total Allies . | . . Largest Group . | . . Highest-Rated Group . | . . Highest-Rated Ally . | . . Total Orders . | . . Ally Attacks . | . . Total Damage . | . . Kills . | . . Allies Corrupted . | . . Allies Melted . | . . Intel | -11 -10 ------- Run | Scr Mat Robot Analysis Total . | . . Derelict Logs Recovered . | . . Drone Launches . | . . Drone Recoveries . | . . Exploration | -11 -10 ------------- Run | Scr Mat Turns Passed 1542 | 81 1461 Spaces Moved 747 | 45 702 Core 2 | . 2 Treads 522 | . 522 Legs 32 | 32 . Wheels 191 | 13 178 Hover . | . . Flight . | . . Fastest Speed 80 | 90 80 Average Speed 153 | 111 156 Slowest Speed 300 | 120 300 Overloaded Moves . | . . Propulsion Burnouts . | . . Robots Hopped . | . . Cave-ins Triggered . | . . Exploration Rate (%) 43 | 5 81 Regions Visited 1 Branch Regions . Pre-discovered Areas . | . . Known Exits Taken . | . . Unknown Exits Taken 1 | 1 . Scrap Searched . | . . Spaces Dug . | . . Terrain Destroyed 5 | . 5 Melee . | . . Projectile . | . . AOE 5 | . 5 Actions | -11 -10 --------- Run | Scr Mat Total 971 | 59 912 Wait 56 | 1 55 Move 746 | 44 702 Hop . | . . Pick Up 25 | 1 24 Fast Attach 11 | 2 9 Attach 10 | 1 9 Detach 2 | 1 1 Swap 5 | . 5 Drop 12 | 1 11 Fire 53 | 8 45 Melee 30 | . 30 Ram . | . . Kick . | . . Crush 21 | . 21 Escape Stasis . | . . Rewire . | . . Trap . | . . Miscellaneous . | . . Route ------- -11/Scrapyard -10/Materials (discovered 3 exits: [*Mat x3]) History --------- Turn | Location | Event 1 | -11/Scrapyard | Discovered new exit (range 3) 82 | -11/Scrapyard | Entered Materials 257 | -10/Materials | Lost 4 parts (1p3w) 262 | -10/Materials | Discovered new exit (range 13) 310 | -10/Materials | Build established: Mutant 793 | -10/Materials | Discovered new exit (range 8) 1187 | -10/Materials | Core integrity fell below 50% 1229 | -10/Materials | Lost 3 parts (1p2w) 1351 | -10/Materials | Discovered new exit (range 16) 1461 | -10/Materials | Central database locked down 1501 | -10/Materials | Core integrity fell below 20% 1543 | -10/Materials | Destroyed by G-34 Mercenary with Small Laser Last Messages --------------- 01461_ ALERT: Central database lockdown. Dispatching Investigation squad. 01461_ Connecting with Terminal... 01461_ ALERT: Suspicious activity at Terminal M003. Dispatching Investigation squad. 01483_ Dropped Lgt. Nuclear Core. 01484_ Acquired Ion Engine. 01501_ G-34 Mercenary knocked back. 01507_ Maul follow-up attack on G-34 Mercenary. 01514_ G-34 Mercenary destroyed. 01523_ Maul follow-up attack on G-34 Mercenary. 01529_ Com. Wheel destroyed. 01533_ Destroyed Ion Engine. 01533_ G-34 Mercenary system corrupted by crushing effect. 01535_ R-06 Scavenger collects Aluminum Leg. 01536_ Sml. Laser fried. 01536_ Heat Sink fried. 01536_ G-34 Mercenary destroyed. 01538_ R-06 Scavenger collects Heat Sink. 01539_ Maul follow-up attack on G-34 Mercenary. 01543_ G-34 Mercenary knocked back. Map ----- +----------------------------------------------------+ | | | | | | | | | | | | | | | | | | | | | | | | | | | | | | | | | ???????????????????????????????? | | ??????###########??????????????? | | ??????# #??????????????? | | ??????# /// #???????????"""" | | ??????# * /// #????????# """"" | | ???#### r /// #????????# """"" | | ???# # #????????# """"" | | ???# g# #????????# """"" | | ???# g/ #????????# | | ???# #@! #????????# | | ??## ############???########### | | ??# # ! #???# | | ??# # T #???# | | ??# / #???# | | ??# # """ """ #???# ####### | | ??## ## """ """ #???# #??# | | ???# ## """ """ #???# #??# | | ???# ## #???# #??# | | ???# ## #???# #??# | | ???# ############???# #??# | | ???# #########?????## ##?#### | | ???# # *! #?????# ###### | | ???# / = ! #?????# | | ???# # == ! #?????# T | | ???# #####+######### | | ???# #???# #?# ## ###### | | ???# #???# #?# ############# | | ???# #####+### #* # | | ???# ## |== # # ""# | | ???# + = # # ^ T"# | | ???# ### == !# # ! ! """ ""# | | ???# ??# # # !!! """ # | | ???# ??# # # ! ^""" # | | ???# ??# # # # | +----------------------------------------------------+ Best States ------------- Heat Dissipation 25 Energy Generation 14 Energy Capacity 250 Matter Stores 300 Matter Capacity 300 Sight Range 16 Terrain Scan Density 10 Evasion (%) 42 Recoil Reduction 2 Item Schematics ----------------- Hcp. Storage Unit | -10/Materials | Hacked Robot Schematics ------------------ None Fabricated ------------ Nothing Alien Tech Used ----------------- None Achievements -------------- None Challenges ------------ None Game ------ Seed SwarmMobileInverter Manual? 0 Play Time 00:17:19 Cumulative 813.5 hours Start 2020.06.15 @ 11:53:57 End 2020.06.15 @ 12:12:51 Sessions 1 Manual Loads 0 Difficulty Rogue Special Mode None Game No. 242 Rogue 242 Adventurer 0 Explorer 0 Win Type - Total 29 Types 21/2/3/3/0/0/0 Lore% 71 Gallery% 85 Achievement% 69 Wizard Run 0 Options --------- ASCII 0 Keyboard 1 Movement Numpad Keybinds 0 Fullscreen 1 Font 24/Smallcaps Map View 76x50 Tactical HUD 1 Map Filters NONE Filters NONE Steam 1 RUN: 28d828f4-1cd7-46f2-9297-80eb7daac303